[ PARTIDA AOE2 · #468007325 ]
UnrankedBorgoñones vs Dravidians
[ ANÁLISIS DE REPETICIÓN · EXTRAÍDO DE LA PARTIDA GRABADA ]
Feudal
8:29
Castillos
27:05
Imperial
—
| APM promedio | 36.6 |
| APM pico | 90 |
| eAPM promedio | 15.5 |
| Aldeanos / militares | 66 / 64 |
Foco
⚔️ 39.1% · 🌾 60.9%
Archer ×62 · Mangonel ×1 · Skirmisher ×1
Feudal
8:51
Castillos
23:08
Imperial
37:27
| APM promedio | 26.2 |
| APM pico | 61 |
| eAPM promedio | 15.4 |
| Aldeanos / militares | 112 / 107 |
Foco
⚔️ 27.1% · 🌾 72.9%
Battle Elephant ×81 · Scout Cavalry ×26
Feudal
9:31
Castillos
27:20
Imperial
—
| APM promedio | 54.1 |
| APM pico | 103 |
| eAPM promedio | 21.1 |
| Aldeanos / militares | 95 / 90 |
Foco
⚔️ 23.3% · 🌾 76.7%
Knight ×40 · Scout Cavalry ×26 · Genoese Crossbowman ×24
Feudal
8:55
Castillos
23:48
Imperial
39:53
| APM promedio | 66.9 |
| APM pico | 99 |
| eAPM promedio | 22.7 |
| Aldeanos / militares | 100 / 128 |
Foco
⚔️ 35.4% · 🌾 64.6%
Archer ×106 · Mangudai ×19 · Battering Ram ×2 · Trebuchet (Packed) ×1
Feudal
9:44
Castillos
27:58
Imperial
44:32
| APM promedio | 49.8 |
| APM pico | 76 |
| eAPM promedio | 25.0 |
| Aldeanos / militares | 146 / 143 |
Foco
⚔️ 25.8% · 🌾 74.2%
Skirmisher ×64 · Archer ×46 · Knight ×32 · Scout Cavalry ×1
Feudal
10:06
Castillos
23:33
Imperial
46:31
| APM promedio | 76.5 |
| APM pico | 112 |
| eAPM promedio | 34.3 |
| Aldeanos / militares | 144 / 154 |
Foco
⚔️ 31.3% · 🌾 68.7%
Cavalry Archer ×125 · Militia ×19 · Skirmisher ×5 · Spearman ×2 · Monk ×1 · Archer ×1
Feudal
8:58
Castillos
26:34
Imperial
44:56
| APM promedio | 55.8 |
| APM pico | 111 |
| eAPM promedio | 18.0 |
| Aldeanos / militares | 121 / 95 |
Foco
⚔️ 29.8% · 🌾 70.2%
Knight ×77 · Scout Cavalry ×18
Feudal
8:55
Castillos
21:26
Imperial
—
| APM promedio | 46.9 |
| APM pico | 93 |
| eAPM promedio | 16.9 |
| Aldeanos / militares | 95 / 101 |
Foco
⚔️ 40.7% · 🌾 59.3%
Camel Scout ×86 · Scout Cavalry ×14 · Spearman ×1
Mapa de la partida
Recursos iniciales + cada clic de construcción. Líneas = muros · curvas = relieve. ◆ oro · ⬟ piedra · ● bayas · ✦ reliquia · ◌ hueco del cierre
Inputs por minuto
— Joni - - Ds3.FranCamet
Build order — Joni
Primeras 150 de 241 acciones detectadas
| 0:00 | Crear | Villager (Male) |
| 0:01 | Crear | Villager (Male) |
| 0:01 | Crear | Villager (Male) |
| 0:02 | Construir | House |
| 0:02 | Crear | Villager (Male) |
| 0:03 | Construir | House |
| 1:41 | Crear | Villager (Male) |
| 2:07 | Crear | Villager (Male) |
| 2:08 | Crear | Villager (Male) |
| 2:28 | Crear | Villager (Male) |
| 2:42 | Crear | Villager (Male) |
| 3:19 | Crear | Villager (Male) |
| 3:40 | Crear | Villager (Male) |
| 3:50 | Construir | House |
| 3:57 | Construir | House |
| 4:00 | Construir | House |
| 4:02 | Crear | Villager (Male) |
| 4:03 | Crear | Villager (Male) |
| 4:05 | Crear | Villager (Male) |
| 4:05 | Crear | Villager (Male) |
| 5:27 | Crear | Villager (Male) |
| 5:31 | Construir | Mining Camp |
| 5:42 | Construir | Lumber Camp |
| 5:45 | Investigar | Loom |
| 6:19 | Investigar | Feudal Age |
| 6:19 | Investigar | Feudal Age |
| 7:39 | Construir | Palisade Wall |
| 7:41 | Construir | Barracks |
| 7:51 | Construir | Palisade Wall |
| 7:55 | Construir | Palisade Wall |
| 8:28 | Construir | Palisade Wall |
| 8:29 | Edad | Edad Feudal |
| 8:29 | Construir | Palisade Wall |
| 8:30 | Construir | Palisade Wall |
| 8:34 | Crear | Villager (Male) |
| 8:54 | Construir | Archery Range |
| 8:56 | Crear | Villager (Male) |
| 9:15 | Crear | Villager (Male) |
| 9:40 | Crear | Villager (Male) |
| 9:46 | Construir | Archery Range |
| 9:49 | Crear | Archer |
| 10:03 | Crear | Villager (Male) |
| 10:05 | Crear | Archer |
| 10:05 | Crear | Archer |
| 10:24 | Construir | House |
| 10:29 | Crear | Archer |
| 10:49 | Crear | Archer |
| 10:54 | Crear | Villager (Male) |
| 10:59 | Construir | House |
| 11:19 | Crear | Archer |
| 11:29 | Crear | Villager (Male) |
| 11:34 | Construir | Palisade Wall |
| 11:49 | Crear | Villager (Male) |
| 11:59 | Crear | Archer |
| 12:03 | Construir | Blacksmith |
| 12:19 | Crear | Archer |
| 12:33 | Crear | Villager (Male) |
| 12:33 | Crear | Villager (Male) |
| 12:34 | Construir | Mill |
| 12:50 | Construir | Palisade Wall |
| 12:53 | Crear | Archer |
| 12:53 | Crear | Archer |
| 13:08 | Crear | Villager (Male) |
| 13:14 | Construir | House |
| 13:18 | Construir | House |
| 13:22 | Crear | Archer |
| 13:34 | Construir | Lumber Camp |
| 13:49 | Crear | Villager (Male) |
| 14:23 | Crear | Archer |
| 14:23 | Crear | Archer |
| 15:10 | Crear | Archer |
| 15:10 | Crear | Archer |
| 15:10 | Crear | Archer |
| 15:28 | Investigar | Fletching |
| 15:29 | Crear | Villager (Male) |
| 16:01 | Investigar | Padded Archer Armor |
| 16:02 | Investigar | Padded Archer Armor |
| 16:13 | Crear | Archer |
| 16:13 | Crear | Archer |
| 16:23 | Crear | Archer |
| 16:24 | Crear | Villager (Male) |
| 16:50 | Crear | Villager (Male) |
| 16:50 | Crear | Archer |
| 16:50 | Crear | Archer |
| 17:11 | Crear | Villager (Male) |
| 17:16 | Construir | Farm |
| 17:16 | Construir | Farm |
| 17:16 | Construir | Farm |
| 17:16 | Construir | Farm |
| 17:16 | Construir | Farm |
| 17:17 | Construir | Farm |
| 17:17 | Construir | Farm |
| 17:17 | Construir | Farm |
| 17:25 | Crear | Archer |
| 17:32 | Crear | Archer |
| 17:33 | Crear | Archer |
| 17:40 | Crear | Villager (Male) |
| 17:52 | Crear | Archer |
| 17:52 | Crear | Archer |
| 18:16 | Crear | Archer |
| 18:16 | Crear | Archer |
| 18:17 | Crear | Villager (Male) |
| 18:21 | Construir | Farm |
| 18:21 | Construir | Farm |
| 18:21 | Construir | Farm |
| 18:22 | Construir | Farm |
| 18:34 | Crear | Archer |
| 18:41 | Crear | Villager (Male) |
| 18:42 | Crear | Archer |
| 18:42 | Crear | Archer |
| 18:45 | Construir | House |
| 18:46 | Construir | House |
| 19:00 | Crear | Archer |
| 19:00 | Crear | Archer |
| 19:07 | Construir | Farm |
| 19:45 | Crear | Archer |
| 19:45 | Crear | Archer |
| 20:06 | Crear | Archer |
| 20:06 | Crear | Archer |
| 20:24 | Construir | House |
| 20:32 | Crear | Villager (Male) |
| 20:35 | Crear | Archer |
| 20:35 | Crear | Archer |
| 20:37 | Construir | Archery Range |
| 21:05 | Crear | Villager (Male) |
| 21:06 | Crear | Villager (Male) |
| 21:11 | Investigar | Double-Bit Axe |
| 21:23 | Crear | Villager (Male) |
| 21:32 | Crear | Archer |
| 21:32 | Crear | Archer |
| 21:32 | Crear | Archer |
| 21:34 | Construir | House |
| 22:01 | Crear | Villager (Male) |
| 22:27 | Construir | Market |
| 22:48 | Crear | Villager (Male) |
| 23:45 | Crear | Villager (Male) |
| 23:50 | Construir | Lumber Camp |
| 24:16 | Crear | Villager (Male) |
| 24:19 | Crear | Archer |
| 24:19 | Crear | Archer |
| 24:23 | Investigar | Castle Age |
| 24:26 | Crear | Archer |
| 24:26 | Crear | Archer |
| 24:42 | Construir | House |
| 24:43 | Construir | House |
| 24:46 | Investigar | Scale Barding Armor |
| 24:53 | Construir | Stone Wall |
| 24:55 | Construir | Stone Wall |
| 24:57 | Construir | Stone Wall |
| 25:09 | Construir | House |
Build order — Ds3.FranCamet
Primeras 150 de 309 acciones detectadas
| 0:01 | Crear | Villager (Male) |
| 0:03 | Construir | House |
| 0:04 | Construir | House |
| 0:15 | Crear | Villager (Male) |
| 0:24 | Crear | Villager (Male) |
| 0:32 | Crear | Villager (Male) |
| 1:20 | Crear | Villager (Male) |
| 1:54 | Crear | Villager (Male) |
| 2:11 | Construir | Lumber Camp |
| 2:20 | Crear | Villager (Male) |
| 2:33 | Construir | House |
| 2:50 | Crear | Villager (Male) |
| 2:50 | Crear | Villager (Male) |
| 3:33 | Crear | Villager (Male) |
| 3:46 | Crear | Villager (Male) |
| 4:21 | Crear | Villager (Male) |
| 4:42 | Crear | Villager (Male) |
| 4:45 | Crear | Villager (Male) |
| 4:56 | Crear | Villager (Male) |
| 5:07 | Crear | Villager (Male) |
| 5:15 | Crear | Villager (Male) |
| 5:30 | Construir | Mill |
| 6:38 | Investigar | Feudal Age |
| 7:37 | Construir | Barracks |
| 7:39 | Construir | House |
| 7:44 | Crear | Villager (Male) |
| 7:53 | Crear | Villager (Male) |
| 8:04 | Investigar | Loom |
| 8:51 | Edad | Edad Feudal |
| 8:58 | Construir | Stable |
| 9:00 | Construir | House |
| 9:05 | Investigar | Double-Bit Axe |
| 9:10 | Crear | Villager (Male) |
| 9:35 | Crear | Villager (Male) |
| 9:39 | Crear | Scout Cavalry |
| 9:39 | Crear | Scout Cavalry |
| 9:44 | Construir | Farm |
| 9:46 | Construir | Farm |
| 10:00 | Crear | Villager (Male) |
| 10:03 | Construir | Farm |
| 10:10 | Construir | Farm |
| 10:15 | Construir | Farm |
| 10:16 | Construir | Farm |
| 10:23 | Crear | Scout Cavalry |
| 10:28 | Crear | Villager (Male) |
| 10:34 | Construir | House |
| 10:35 | Construir | House |
| 10:42 | Construir | Farm |
| 10:57 | Crear | Villager (Male) |
| 11:01 | Construir | Farm |
| 11:07 | Crear | Villager (Male) |
| 11:14 | Crear | Villager (Male) |
| 11:34 | Crear | Villager (Male) |
| 11:38 | Crear | Villager (Male) |
| 11:50 | Crear | Villager (Male) |
| 11:53 | Construir | Farm |
| 11:54 | Construir | Farm |
| 12:04 | Crear | Villager (Male) |
| 12:13 | Construir | Lumber Camp |
| 12:17 | Crear | Villager (Male) |
| 12:24 | Construir | Blacksmith |
| 12:31 | Crear | Villager (Male) |
| 12:36 | Construir | Farm |
| 12:45 | Crear | Scout Cavalry |
| 12:49 | Construir | Farm |
| 12:57 | Crear | Scout Cavalry |
| 12:59 | Crear | Villager (Male) |
| 13:08 | Construir | Farm |
| 13:24 | Crear | Scout Cavalry |
| 13:29 | Investigar | Scale Barding Armor |
| 13:34 | Construir | Farm |
| 13:40 | Crear | Villager (Male) |
| 14:20 | Crear | Villager (Male) |
| 14:35 | Crear | Villager (Male) |
| 14:40 | Crear | Scout Cavalry |
| 14:40 | Crear | Scout Cavalry |
| 14:41 | Crear | Villager (Male) |
| 15:00 | Crear | Villager (Male) |
| 15:06 | Crear | Scout Cavalry |
| 15:07 | Crear | Villager (Male) |
| 15:24 | Construir | Mining Camp |
| 15:31 | Construir | Farm |
| 15:49 | Construir | Farm |
| 15:50 | Construir | Farm |
| 15:51 | Crear | Scout Cavalry |
| 15:51 | Crear | Scout Cavalry |
| 15:57 | Construir | Farm |
| 15:58 | Construir | Farm |
| 16:14 | Crear | Villager (Male) |
| 16:35 | Crear | Villager (Male) |
| 16:38 | Crear | Scout Cavalry |
| 16:39 | Crear | Villager (Male) |
| 16:49 | Construir | House |
| 16:51 | Construir | House |
| 16:52 | Construir | House |
| 16:58 | Construir | Stable |
| 17:06 | Crear | Villager (Male) |
| 17:10 | Crear | Scout Cavalry |
| 17:17 | Investigar | Forging |
| 17:22 | Construir | Stable |
| 17:25 | Construir | Farm |
| 17:55 | Crear | Scout Cavalry |
| 17:56 | Crear | Scout Cavalry |
| 18:05 | Construir | Market |
| 18:07 | Construir | House |
| 18:12 | Construir | Farm |
| 18:15 | Crear | Villager (Male) |
| 18:18 | Investigar | Wheelbarrow |
| 18:19 | Crear | Scout Cavalry |
| 18:27 | Crear | Scout Cavalry |
| 18:28 | Crear | Scout Cavalry |
| 18:32 | Crear | Villager (Male) |
| 18:43 | Crear | Scout Cavalry |
| 18:47 | Crear | Scout Cavalry |
| 19:02 | Construir | House |
| 19:03 | Construir | House |
| 19:04 | Construir | House |
| 19:10 | Crear | Villager (Male) |
| 20:01 | Construir | Farm |
| 20:03 | Construir | Farm |
| 20:17 | Investigar | Castle Age |
| 20:52 | Construir | Farm |
| 20:55 | Construir | Farm |
| 21:15 | Crear | Scout Cavalry |
| 21:15 | Crear | Scout Cavalry |
| 21:16 | Crear | Villager (Male) |
| 21:18 | Crear | Scout Cavalry |
| 21:18 | Crear | Scout Cavalry |
| 21:48 | Crear | Scout Cavalry |
| 21:48 | Crear | Scout Cavalry |
| 21:55 | Construir | Farm |
| 21:56 | Construir | Farm |
| 22:16 | Crear | Villager (Male) |
| 22:32 | Crear | Villager (Male) |
| 22:49 | Crear | Villager (Male) |
| 23:00 | Crear | Villager (Male) |
| 23:08 | Edad | Edad de los Castillos |
| 23:13 | Crear | Battle Elephant ×5 |
| 23:15 | Crear | Villager (Male) |
| 23:26 | Construir | Town Center |
| 23:50 | Investigar | Husbandry |
| 23:52 | Investigar | Iron Casting |
| 23:56 | Crear | Villager (Male) |
| 24:16 | Crear | Battle Elephant ×2 |
| 24:52 | Investigar | Chain Barding Armor |
| 24:58 | Crear | Villager (Male) |
| 25:25 | Crear | Battle Elephant |
| 25:27 | Crear | Villager (Male) |
| 25:30 | Construir | Farm |
| 25:33 | Construir | Farm |
Build order — Ds3.Marco Van Basten
Primeras 150 de 316 acciones detectadas
| 0:01 | Crear | Villager (Male) |
| 0:01 | Crear | Villager (Male) |
| 0:02 | Crear | Villager (Male) |
| 0:02 | Crear | Villager (Male) |
| 0:03 | Construir | House |
| 0:05 | Construir | House |
| 1:26 | Crear | Villager (Male) |
| 1:26 | Crear | Villager (Male) |
| 1:49 | Construir | Lumber Camp |
| 2:18 | Crear | Villager (Male) |
| 2:19 | Crear | Villager (Male) |
| 2:32 | Crear | Villager (Male) |
| 2:33 | Crear | Villager (Male) |
| 3:09 | Crear | Villager (Male) |
| 3:09 | Crear | Villager (Male) |
| 3:30 | Crear | Villager (Male) |
| 3:31 | Crear | Villager (Male) |
| 3:31 | Crear | Villager (Male) |
| 3:34 | Construir | House |
| 4:26 | Crear | Villager (Male) |
| 4:26 | Crear | Villager (Male) |
| 4:26 | Crear | Villager (Male) |
| 5:10 | Crear | Villager (Male) |
| 5:15 | Crear | Villager (Male) |
| 5:15 | Crear | Villager (Male) |
| 5:28 | Crear | Villager (Male) |
| 6:05 | Crear | Villager (Male) |
| 6:12 | Construir | Mill |
| 6:27 | Investigar | Loom |
| 6:55 | Crear | Villager (Male) |
| 7:19 | Investigar | Feudal Age |
| 7:19 | Investigar | Feudal Age |
| 7:53 | Construir | House |
| 7:54 | Construir | House |
| 8:18 | Crear | Villager (Male) |
| 8:37 | Crear | Villager (Male) |
| 9:07 | Construir | Barracks |
| 9:31 | Edad | Edad Feudal |
| 9:34 | Crear | Villager (Male) |
| 9:36 | Crear | Villager (Male) |
| 9:36 | Crear | Villager (Male) |
| 10:05 | Construir | Stable |
| 10:22 | Crear | Villager (Male) |
| 10:27 | Crear | Villager (Male) |
| 10:30 | Investigar | Double-Bit Axe |
| 10:53 | Crear | Scout Cavalry |
| 10:54 | Crear | Scout Cavalry |
| 11:01 | Construir | Farm |
| 11:02 | Construir | Farm |
| 11:20 | Construir | Farm |
| 11:26 | Construir | House |
| 11:54 | Crear | Scout Cavalry |
| 11:59 | Crear | Villager (Male) |
| 12:01 | Construir | Farm |
| 12:02 | Construir | Farm |
| 12:06 | Construir | Farm |
| 12:16 | Construir | Palisade Wall |
| 12:24 | Crear | Scout Cavalry |
| 12:25 | Crear | Scout Cavalry |
| 12:40 | Construir | Stable |
| 12:55 | Crear | Villager (Male) |
| 12:56 | Crear | Scout Cavalry |
| 12:56 | Crear | Scout Cavalry |
| 13:00 | Crear | Villager (Male) |
| 13:16 | Construir | Farm |
| 13:29 | Construir | House |
| 13:34 | Construir | Palisade Wall |
| 13:41 | Crear | Scout Cavalry |
| 13:45 | Construir | House |
| 13:46 | Construir | Palisade Wall |
| 13:51 | Construir | Mining Camp |
| 14:20 | Crear | Scout Cavalry |
| 14:24 | Crear | Scout Cavalry |
| 14:40 | Crear | Scout Cavalry |
| 15:04 | Construir | House |
| 15:32 | Crear | Scout Cavalry |
| 15:39 | Construir | Farm |
| 15:43 | Construir | Farm |
| 15:44 | Construir | Farm |
| 15:54 | Crear | Villager (Male) |
| 15:57 | Construir | Blacksmith |
| 15:58 | Crear | Villager (Male) |
| 16:02 | Construir | Farm |
| 16:07 | Construir | Farm |
| 16:12 | Crear | Villager (Male) |
| 16:16 | Construir | Farm |
| 16:26 | Crear | Villager (Male) |
| 17:10 | Crear | Scout Cavalry |
| 17:11 | Crear | Scout Cavalry |
| 17:12 | Crear | Villager (Male) |
| 17:22 | Construir | Mill |
| 17:24 | Construir | Farm |
| 17:24 | Construir | Farm |
| 17:25 | Construir | Farm |
| 17:32 | Crear | Villager (Male) |
| 17:47 | Crear | Villager (Male) |
| 17:50 | Construir | Farm |
| 18:25 | Construir | Farm |
| 18:27 | Construir | Farm |
| 18:32 | Investigar | Scale Barding Armor |
| 18:49 | Investigar | Bloodlines |
| 18:53 | Crear | Villager (Male) |
| 18:59 | Construir | Farm |
| 19:01 | Construir | Farm |
| 19:05 | Construir | Lumber Camp |
| 19:31 | Crear | Scout Cavalry |
| 19:32 | Crear | Scout Cavalry |
| 19:33 | Crear | Villager (Male) |
| 19:50 | Crear | Scout Cavalry |
| 19:53 | Crear | Villager (Male) |
| 19:58 | Construir | Farm |
| 20:25 | Crear | Scout Cavalry |
| 20:26 | Crear | Scout Cavalry |
| 20:43 | Crear | Villager (Male) |
| 20:43 | Crear | Villager (Male) |
| 20:52 | Construir | Watch Tower |
| 20:59 | Crear | Scout Cavalry |
| 21:00 | Crear | Scout Cavalry |
| 21:12 | Crear | Villager (Male) |
| 21:12 | Crear | Villager (Male) |
| 21:20 | Construir | House |
| 21:22 | Construir | House |
| 21:28 | Construir | House |
| 21:51 | Construir | Lumber Camp |
| 22:23 | Construir | Lumber Camp |
| 22:30 | Crear | Scout Cavalry |
| 22:30 | Crear | Scout Cavalry |
| 22:31 | Crear | Scout Cavalry |
| 22:31 | Crear | Scout Cavalry |
| 22:31 | Crear | Scout Cavalry |
| 23:52 | Crear | Villager (Male) |
| 24:13 | Construir | Market |
| 24:40 | Investigar | Castle Age |
| 25:04 | Investigar | Forging |
| 25:04 | Investigar | Forging |
| 26:52 | Crear | Villager (Male) |
| 27:00 | Crear | Villager (Male) |
| 27:09 | Construir | Stable |
| 27:20 | Edad | Edad de los Castillos |
| 27:23 | Crear | Knight |
| 27:23 | Crear | Knight |
| 27:24 | Crear | Knight |
| 27:24 | Crear | Knight |
| 27:25 | Investigar | Chain Barding Armor |
| 27:26 | Investigar | Chain Barding Armor |
| 27:26 | Crear | Villager (Male) |
| 27:34 | Crear | Villager (Male) |
| 27:52 | Investigar | Husbandry |
| 27:52 | Investigar | Husbandry |
| 27:56 | Crear | Knight |
Build order — Ds3.SoLid
Primeras 150 de 359 acciones detectadas
| 0:00 | Crear | Villager (Male) |
| 0:01 | Crear | Villager (Male) |
| 0:01 | Crear | Villager (Male) |
| 0:02 | Construir | House |
| 0:03 | Construir | House |
| 0:04 | Crear | Villager (Male) |
| 1:25 | Crear | Villager (Male) |
| 2:00 | Crear | Villager (Male) |
| 2:21 | Crear | Villager (Male) |
| 2:58 | Crear | Villager (Male) |
| 2:58 | Crear | Villager (Male) |
| 3:00 | Construir | Lumber Camp |
| 3:03 | Construir | Lumber Camp |
| 3:24 | Crear | Villager (Male) |
| 3:27 | Crear | Villager (Male) |
| 3:27 | Crear | Villager (Male) |
| 3:28 | Crear | Villager (Male) |
| 3:53 | Crear | Villager (Male) |
| 3:55 | Construir | House |
| 3:59 | Construir | House |
| 4:02 | Crear | Villager (Male) |
| 4:06 | Crear | Villager (Male) |
| 5:52 | Construir | Mill |
| 6:19 | Investigar | Loom |
| 6:20 | Investigar | Loom |
| 6:45 | Investigar | Feudal Age |
| 7:30 | Construir | House |
| 7:59 | Construir | Barracks |
| 8:13 | Crear | Villager (Male) |
| 8:55 | Edad | Edad Feudal |
| 8:58 | Construir | Palisade Wall |
| 8:58 | Crear | Villager (Male) |
| 9:06 | Construir | Archery Range |
| 9:25 | Construir | Mining Camp |
| 9:52 | Crear | Archer |
| 9:57 | Crear | Villager (Male) |
| 9:57 | Crear | Villager (Male) |
| 10:05 | Construir | Archery Range |
| 10:27 | Crear | Archer |
| 10:46 | Construir | House |
| 10:50 | Crear | Villager (Male) |
| 11:14 | Crear | Villager (Male) |
| 11:22 | Construir | Blacksmith |
| 11:24 | Crear | Villager (Male) |
| 11:28 | Crear | Archer |
| 11:29 | Crear | Archer |
| 12:05 | Crear | Archer |
| 12:09 | Crear | Villager (Male) |
| 12:17 | Investigar | Fletching |
| 12:17 | Investigar | Fletching |
| 12:33 | Construir | House |
| 12:37 | Crear | Archer |
| 12:37 | Crear | Archer |
| 12:38 | Crear | Villager (Male) |
| 12:42 | Construir | House |
| 12:45 | Construir | Palisade Wall |
| 13:03 | Crear | Archer |
| 13:18 | Construir | Palisade Wall |
| 13:30 | Investigar | Padded Archer Armor |
| 13:30 | Investigar | Padded Archer Armor |
| 13:40 | Crear | Villager (Male) |
| 13:42 | Crear | Archer |
| 13:43 | Crear | Archer |
| 14:11 | Crear | Archer |
| 14:11 | Crear | Archer |
| 14:22 | Crear | Villager (Male) |
| 14:23 | Crear | Villager (Male) |
| 14:23 | Crear | Villager (Male) |
| 14:23 | Crear | Villager (Male) |
| 15:06 | Crear | Villager (Male) |
| 15:23 | Crear | Archer |
| 15:23 | Crear | Archer |
| 15:23 | Crear | Archer |
| 15:28 | Construir | Farm |
| 15:30 | Construir | Farm |
| 15:31 | Construir | Farm |
| 15:33 | Construir | Farm |
| 15:33 | Construir | Farm |
| 15:34 | Construir | Farm |
| 15:38 | Construir | Farm |
| 15:41 | Construir | Farm |
| 15:42 | Construir | Farm |
| 15:57 | Crear | Archer |
| 15:58 | Crear | Archer |
| 15:58 | Crear | Archer |
| 15:58 | Crear | Villager (Male) |
| 16:11 | Construir | House |
| 16:14 | Crear | Archer |
| 16:14 | Crear | Archer |
| 16:14 | Crear | Archer |
| 16:24 | Crear | Archer |
| 16:24 | Crear | Archer |
| 16:37 | Construir | House |
| 16:48 | Construir | House |
| 17:09 | Crear | Villager (Male) |
| 17:12 | Construir | House |
| 17:15 | Construir | House |
| 17:15 | Construir | House |
| 17:56 | Crear | Villager (Male) |
| 17:56 | Crear | Villager (Male) |
| 18:11 | Crear | Archer |
| 18:12 | Crear | Villager (Male) |
| 18:26 | Crear | Villager (Male) |
| 18:30 | Construir | Lumber Camp |
| 18:59 | Crear | Archer |
| 18:59 | Crear | Archer |
| 19:00 | Crear | Archer |
| 19:43 | Crear | Villager (Male) |
| 19:46 | Construir | Market |
| 20:12 | Crear | Villager (Male) |
| 21:08 | Investigar | Castle Age |
| 21:10 | Construir | Farm |
| 21:11 | Construir | Farm |
| 21:11 | Construir | Farm |
| 21:11 | Construir | Farm |
| 21:11 | Construir | Farm |
| 21:12 | Construir | Farm |
| 21:17 | Crear | Archer |
| 21:17 | Crear | Archer |
| 21:24 | Construir | Palisade Wall |
| 21:52 | Crear | Archer |
| 22:07 | Crear | Villager (Male) |
| 22:09 | Construir | Farm |
| 22:32 | Crear | Villager (Male) |
| 22:34 | Crear | Archer |
| 22:34 | Crear | Archer |
| 22:52 | Construir | House |
| 22:53 | Construir | Palisade Wall |
| 23:03 | Crear | Villager (Male) |
| 23:05 | Investigar | Double-Bit Axe |
| 23:07 | Investigar | Gold Mining |
| 23:08 | Investigar | Horse Collar |
| 23:16 | Crear | Archer |
| 23:16 | Crear | Archer |
| 23:18 | Construir | Archery Range |
| 23:48 | Edad | Edad de los Castillos |
| 23:53 | Investigar | Bodkin Arrow |
| 23:53 | Investigar | Bodkin Arrow |
| 24:24 | Investigar | Crossbowman (upgrade) |
| 24:24 | Crear | Villager (Male) |
| 24:25 | Crear | Villager (Male) |
| 24:37 | Construir | Palisade Gate |
| 24:54 | Crear | Archer |
| 25:23 | Crear | Villager (Male) |
| 25:26 | Construir | University |
| 25:27 | Crear | Villager (Male) |
| 25:32 | Construir | Town Center |
| 25:37 | Investigar | Bow Saw |
| 25:48 | Crear | Villager (Male) |
| 25:52 | Construir | Farm |
Build order — Dylan
Primeras 150 de 405 acciones detectadas
| 0:00 | Crear | Villager (Male) |
| 0:01 | Crear | Villager (Male) |
| 0:02 | Construir | House |
| 0:03 | Construir | House |
| 0:23 | Crear | Villager (Male) |
| 0:23 | Crear | Villager (Male) |
| 0:31 | Crear | Villager (Male) |
| 0:31 | Crear | Villager (Male) |
| 1:24 | Crear | Villager (Male) |
| 2:10 | Construir | Lumber Camp |
| 2:16 | Crear | Villager (Male) |
| 2:34 | Crear | Villager (Male) |
| 3:08 | Crear | Villager (Male) |
| 3:20 | Crear | Villager (Male) |
| 3:51 | Construir | House |
| 4:11 | Crear | Villager (Male) |
| 4:15 | Crear | Villager (Male) |
| 5:14 | Crear | Villager (Male) |
| 5:35 | Construir | House |
| 5:44 | Crear | Villager (Male) |
| 5:59 | Crear | Villager (Male) |
| 6:40 | Investigar | Loom |
| 7:01 | Construir | Mining Camp |
| 7:04 | Construir | Mining Camp |
| 7:06 | Crear | Villager (Male) |
| 7:34 | Investigar | Feudal Age |
| 8:07 | Construir | House |
| 9:03 | Construir | Barracks |
| 9:24 | Construir | House |
| 9:28 | Construir | House |
| 9:30 | Construir | Palisade Wall |
| 9:35 | Construir | Palisade Wall |
| 9:37 | Construir | Palisade Wall |
| 9:40 | Construir | Palisade Wall |
| 9:44 | Edad | Edad Feudal |
| 9:46 | Construir | Palisade Wall |
| 9:48 | Construir | Palisade Wall |
| 9:57 | Construir | Archery Range |
| 9:58 | Crear | Villager (Male) |
| 9:58 | Crear | Villager (Male) |
| 10:12 | Construir | Palisade Wall |
| 10:13 | Construir | Palisade Wall |
| 10:13 | Crear | Villager (Male) |
| 10:19 | Crear | Villager (Male) |
| 10:22 | Construir | Archery Range |
| 10:42 | Crear | Archer |
| 10:43 | Crear | Archer |
| 10:44 | Crear | Villager (Male) |
| 10:53 | Construir | House |
| 11:01 | Crear | Archer |
| 11:17 | Crear | Archer |
| 11:25 | Construir | Blacksmith |
| 11:43 | Crear | Archer |
| 11:50 | Construir | Outpost |
| 12:02 | Construir | Palisade Wall |
| 12:27 | Construir | Palisade Wall |
| 12:28 | Construir | Palisade Wall |
| 12:57 | Construir | Mill |
| 13:04 | Crear | Archer ×4 |
| 13:41 | Crear | Archer |
| 13:42 | Crear | Villager (Male) |
| 13:42 | Crear | Villager (Male) |
| 13:49 | Crear | Archer |
| 14:03 | Crear | Archer |
| 14:22 | Investigar | Fletching |
| 14:25 | Crear | Archer |
| 14:46 | Crear | Villager (Male) |
| 15:18 | Crear | Archer ×2 |
| 15:18 | Crear | Villager (Male) |
| 15:20 | Construir | Farm |
| 15:20 | Construir | Farm |
| 15:23 | Construir | Farm |
| 15:52 | Crear | Villager (Male) |
| 15:54 | Crear | Archer ×2 |
| 16:02 | Construir | House |
| 16:04 | Crear | Villager (Male) |
| 16:16 | Crear | Villager (Male) |
| 16:17 | Crear | Archer |
| 16:43 | Construir | House |
| 17:06 | Crear | Villager (Male) |
| 17:09 | Construir | Farm |
| 17:10 | Construir | Farm |
| 17:39 | Construir | Farm |
| 17:40 | Construir | Farm |
| 17:40 | Construir | Farm |
| 17:40 | Construir | Farm |
| 17:40 | Construir | Farm |
| 17:42 | Crear | Archer |
| 18:29 | Construir | Farm |
| 18:29 | Construir | Farm |
| 18:29 | Construir | Farm |
| 18:29 | Construir | Farm |
| 18:30 | Crear | Archer |
| 18:30 | Crear | Villager (Male) |
| 18:47 | Construir | Lumber Camp |
| 18:47 | Crear | Villager (Male) |
| 18:51 | Crear | Villager (Male) |
| 19:17 | Construir | Farm |
| 19:19 | Crear | Villager (Male) |
| 19:22 | Construir | Farm |
| 19:51 | Crear | Archer ×5 |
| 19:52 | Crear | Villager (Male) |
| 20:12 | Crear | Villager (Male) |
| 20:13 | Construir | Farm |
| 20:13 | Construir | Farm |
| 20:25 | Construir | Lumber Camp |
| 20:43 | Construir | Farm |
| 20:59 | Construir | Palisade Wall |
| 21:11 | Construir | Farm |
| 21:12 | Construir | Farm |
| 21:15 | Crear | Archer |
| 21:17 | Crear | Villager (Male) |
| 21:26 | Construir | Palisade Wall |
| 21:29 | Crear | Archer ×2 |
| 21:31 | Crear | Archer |
| 21:32 | Crear | Villager (Male) |
| 21:37 | Crear | Villager (Male) |
| 21:45 | Construir | House |
| 21:46 | Construir | House |
| 21:49 | Construir | Palisade Wall |
| 21:52 | Construir | House |
| 21:56 | Crear | Archer ×2 |
| 21:59 | Construir | House |
| 22:04 | Construir | House |
| 22:04 | Construir | Palisade Wall |
| 22:07 | Crear | Archer |
| 22:09 | Crear | Villager (Male) |
| 22:09 | Crear | Villager (Male) |
| 22:24 | Construir | Palisade Wall |
| 22:27 | Crear | Archer ×3 |
| 22:36 | Crear | Archer |
| 22:39 | Crear | Villager (Male) |
| 22:51 | Crear | Villager (Male) |
| 22:54 | Construir | Farm |
| 22:54 | Construir | Farm |
| 22:55 | Crear | Villager (Male) |
| 23:08 | Crear | Villager (Male) |
| 23:09 | Crear | Villager (Male) |
| 23:24 | Construir | Palisade Wall |
| 23:27 | Construir | Palisade Wall |
| 23:31 | Crear | Villager (Male) |
| 23:51 | Construir | Farm |
| 23:52 | Construir | Farm |
| 24:12 | Crear | Villager (Male) |
| 24:16 | Crear | Archer |
| 24:39 | Construir | Market |
| 24:42 | Construir | House |
| 24:47 | Construir | Palisade Wall |
| 25:09 | Crear | Villager (Male) |
| 25:19 | Investigar | Castle Age |
Build order — Ds3.lauritopp
Primeras 150 de 449 acciones detectadas
| 0:00 | Crear | Villager (Male) |
| 0:01 | Crear | Villager (Male) |
| 0:01 | Crear | Villager (Male) |
| 0:02 | Construir | House |
| 0:04 | Construir | House |
| 0:06 | Crear | Villager (Male) |
| 1:28 | Crear | Villager (Male) |
| 1:57 | Construir | Lumber Camp |
| 2:12 | Crear | Villager (Male) |
| 2:12 | Crear | Villager (Male) |
| 2:24 | Crear | Villager (Male) |
| 3:10 | Crear | Villager (Male) |
| 3:17 | Crear | Villager (Male) |
| 3:30 | Crear | Villager (Male) |
| 3:48 | Crear | Villager (Male) |
| 4:23 | Crear | Villager (Male) |
| 4:25 | Crear | Villager (Male) |
| 4:26 | Crear | Villager (Male) |
| 4:30 | Construir | House |
| 4:30 | Construir | House |
| 4:37 | Crear | Villager (Male) |
| 5:07 | Crear | Villager (Male) |
| 5:29 | Crear | Villager (Male) |
| 5:35 | Construir | Mill |
| 6:27 | Construir | Barracks |
| 6:56 | Crear | Villager (Male) |
| 6:56 | Investigar | Loom |
| 7:40 | Investigar | Feudal Age |
| 7:44 | Construir | Mining Camp |
| 7:50 | Crear | Militia |
| 7:51 | Crear | Militia |
| 7:51 | Crear | Militia |
| 8:36 | Crear | Militia |
| 8:36 | Crear | Militia |
| 8:46 | Crear | Villager (Male) |
| 8:58 | Crear | Villager (Male) |
| 9:05 | Crear | Militia |
| 9:25 | Crear | Militia |
| 9:33 | Construir | House |
| 10:04 | Crear | Militia |
| 10:05 | Crear | Militia |
| 10:05 | Crear | Militia |
| 10:06 | Edad | Edad Feudal |
| 10:19 | Crear | Villager (Male) |
| 10:24 | Investigar | Double-Bit Axe |
| 10:37 | Construir | House |
| 10:38 | Construir | Palisade Wall |
| 10:40 | Crear | Villager (Male) |
| 11:25 | Crear | Villager (Male) |
| 11:27 | Construir | Blacksmith |
| 11:30 | Crear | Villager (Male) |
| 11:31 | Crear | Villager (Male) |
| 11:32 | Construir | Farm |
| 11:33 | Construir | Farm |
| 11:33 | Construir | Farm |
| 11:34 | Crear | Villager (Male) |
| 11:37 | Crear | Militia |
| 11:37 | Crear | Militia |
| 12:16 | Crear | Villager (Male) |
| 12:17 | Crear | Militia |
| 12:23 | Construir | Farm |
| 12:24 | Construir | Farm |
| 12:26 | Construir | House |
| 12:27 | Construir | House |
| 12:37 | Crear | Militia |
| 12:56 | Construir | Farm |
| 12:59 | Construir | Farm |
| 13:07 | Crear | Villager (Male) |
| 13:27 | Investigar | Scale Mail Armor |
| 13:36 | Construir | Farm |
| 13:39 | Crear | Villager (Male) |
| 13:58 | Crear | Militia |
| 14:01 | Construir | House |
| 14:02 | Construir | Palisade Wall |
| 14:17 | Crear | Spearman |
| 14:25 | Crear | Villager (Male) |
| 14:31 | Crear | Militia |
| 14:34 | Construir | Farm |
| 14:35 | Construir | Farm |
| 14:36 | Construir | Farm |
| 14:37 | Construir | Farm |
| 15:25 | Construir | Farm |
| 15:25 | Crear | Villager (Male) |
| 15:26 | Construir | Farm |
| 15:36 | Construir | Archery Range |
| 15:38 | Construir | House |
| 15:43 | Crear | Villager (Male) |
| 15:53 | Construir | Palisade Wall |
| 15:54 | Construir | Palisade Wall |
| 15:59 | Construir | Palisade Wall |
| 16:05 | Construir | Building 796 |
| 16:16 | Crear | Spearman |
| 16:20 | Construir | Palisade Wall |
| 16:40 | Construir | Farm |
| 16:41 | Construir | Farm |
| 16:42 | Crear | Skirmisher |
| 16:43 | Investigar | Fletching |
| 16:44 | Investigar | Fletching |
| 16:45 | Crear | Skirmisher |
| 17:02 | Crear | Skirmisher |
| 17:44 | Crear | Skirmisher |
| 17:47 | Crear | Militia |
| 17:47 | Crear | Militia |
| 17:48 | Crear | Militia |
| 18:42 | Construir | House |
| 18:43 | Construir | House |
| 19:20 | Construir | Watch Tower |
| 20:10 | Construir | Market |
| 20:53 | Investigar | Castle Age |
| 21:17 | Construir | Lumber Camp |
| 21:19 | Crear | Villager (Male) |
| 21:21 | Construir | Palisade Wall |
| 21:24 | Construir | Palisade Wall |
| 21:59 | Investigar | Padded Archer Armor |
| 22:00 | Crear | Skirmisher |
| 22:21 | Crear | Villager (Male) |
| 22:29 | Construir | Farm |
| 22:35 | Construir | Farm |
| 22:35 | Construir | Farm |
| 22:40 | Construir | Palisade Wall |
| 22:47 | Construir | Palisade Wall |
| 22:51 | Construir | Building 796 |
| 22:55 | Construir | Palisade Wall |
| 23:00 | Crear | Villager (Male) |
| 23:06 | Construir | Lumber Camp |
| 23:07 | Crear | Villager (Male) |
| 23:19 | Construir | Archery Range |
| 23:20 | Crear | Villager (Male) |
| 23:33 | Edad | Edad de los Castillos |
| 23:41 | Crear | Cavalry Archer |
| 23:41 | Crear | Cavalry Archer |
| 24:14 | Crear | Villager (Male) |
| 24:24 | Crear | Cavalry Archer |
| 24:24 | Crear | Cavalry Archer |
| 24:28 | Investigar | Bodkin Arrow |
| 24:30 | Crear | Villager (Male) |
| 24:31 | Crear | Villager (Male) |
| 24:45 | Crear | Villager (Male) |
| 24:58 | Crear | Villager (Male) |
| 25:06 | Crear | Cavalry Archer |
| 25:17 | Crear | Villager (Male) |
| 25:25 | Crear | Cavalry Archer |
| 25:25 | Crear | Cavalry Archer |
| 25:32 | Crear | Villager (Male) |
| 25:32 | Crear | Villager (Male) |
| 25:50 | Crear | Cavalry Archer |
| 25:50 | Crear | Cavalry Archer |
| 25:54 | Crear | Villager (Male) |
| 25:54 | Crear | Villager (Male) |
| 26:03 | Crear | Villager (Male) |
Build order — Ds3.TheRazor
Primeras 150 de 273 acciones detectadas
| 0:01 | Crear | Villager (Male) |
| 0:01 | Crear | Villager (Male) |
| 0:01 | Crear | Villager (Male) |
| 0:02 | Crear | Villager (Male) |
| 0:03 | Construir | House |
| 0:04 | Construir | House |
| 1:31 | Crear | Villager (Male) |
| 2:01 | Crear | Villager (Male) |
| 2:29 | Crear | Villager (Male) |
| 2:52 | Crear | Villager (Male) |
| 2:53 | Crear | Villager (Male) |
| 3:15 | Construir | Lumber Camp |
| 3:25 | Construir | House |
| 3:44 | Crear | Villager (Male) |
| 3:44 | Crear | Villager (Male) |
| 3:46 | Crear | Villager (Male) |
| 4:16 | Crear | Villager (Male) |
| 4:57 | Crear | Villager (Male) |
| 5:32 | Construir | Mill |
| 5:35 | Crear | Villager (Male) |
| 5:39 | Crear | Villager (Male) |
| 5:40 | Crear | Villager (Male) |
| 5:55 | Investigar | Loom |
| 5:55 | Investigar | Loom |
| 6:48 | Investigar | Feudal Age |
| 8:04 | Construir | Barracks |
| 8:58 | Edad | Edad Feudal |
| 9:00 | Crear | Villager (Male) |
| 9:00 | Crear | Villager (Male) |
| 9:07 | Construir | Stable |
| 9:29 | Construir | House |
| 9:33 | Investigar | Town Watch |
| 9:33 | Investigar | Town Watch |
| 10:08 | Crear | Villager (Male) |
| 10:10 | Construir | Farm |
| 10:11 | Construir | Farm |
| 10:12 | Construir | Farm |
| 10:15 | Crear | Scout Cavalry ×5 |
| 10:19 | Construir | House |
| 10:40 | Crear | Villager (Male) |
| 10:56 | Crear | Villager (Male) |
| 11:33 | Crear | Villager (Male) |
| 11:37 | Construir | Farm |
| 11:38 | Construir | Farm |
| 11:39 | Construir | Farm |
| 12:14 | Construir | Farm |
| 12:15 | Construir | Farm |
| 12:30 | Crear | Villager (Male) |
| 12:33 | Construir | Farm |
| 12:47 | Crear | Scout Cavalry ×2 |
| 12:51 | Construir | Farm |
| 13:24 | Construir | Farm |
| 13:25 | Construir | Farm |
| 13:45 | Crear | Villager (Male) |
| 13:49 | Construir | House |
| 13:49 | Construir | House |
| 14:01 | Crear | Villager (Male) |
| 14:07 | Crear | Scout Cavalry ×2 |
| 14:31 | Crear | Villager (Male) |
| 14:35 | Construir | Blacksmith |
| 15:14 | Crear | Villager (Male) |
| 15:18 | Construir | Mining Camp |
| 15:33 | Crear | Villager (Male) |
| 15:36 | Construir | Farm |
| 15:45 | Investigar | Scale Barding Armor |
| 16:01 | Crear | Scout Cavalry ×2 |
| 16:08 | Construir | Lumber Camp |
| 16:12 | Crear | Villager (Male) |
| 16:28 | Crear | Villager (Male) |
| 17:09 | Crear | Villager (Male) |
| 17:12 | Crear | Scout Cavalry |
| 17:19 | Construir | House |
| 17:19 | Construir | House |
| 17:41 | Construir | Stable |
| 17:55 | Crear | Villager (Male) |
| 18:12 | Crear | Scout Cavalry ×3 |
| 18:28 | Crear | Villager (Male) |
| 18:45 | Construir | Farm |
| 18:53 | Construir | Farm |
| 18:53 | Construir | Farm |
| 18:53 | Construir | Farm |
| 18:53 | Construir | Farm |
| 18:54 | Construir | Farm |
| 19:03 | Investigar | Forging |
| 19:03 | Investigar | Forging |
| 19:17 | Crear | Villager (Male) |
| 19:50 | Crear | Scout Cavalry |
| 19:54 | Construir | Farm |
| 20:09 | Construir | Donjon |
| 20:22 | Construir | Farm |
| 20:22 | Construir | Farm |
| 20:22 | Construir | Farm |
| 20:22 | Construir | Farm |
| 20:42 | Investigar | Bloodlines |
| 20:44 | Crear | Scout Cavalry |
| 21:02 | Crear | Scout Cavalry |
| 21:03 | Crear | Villager (Male) |
| 21:05 | Construir | Farm |
| 21:20 | Construir | House |
| 21:55 | Crear | Villager (Male) |
| 21:57 | Construir | Farm |
| 22:30 | Crear | Villager (Male) |
| 22:33 | Construir | House |
| 23:01 | Crear | Villager (Male) |
| 23:54 | Investigar | Castle Age |
| 24:34 | Crear | Villager (Male) |
| 24:43 | Construir | Mining Camp |
| 25:28 | Investigar | Double-Bit Axe |
| 25:28 | Investigar | Double-Bit Axe |
| 25:29 | Investigar | Horse Collar |
| 25:47 | Construir | House |
| 26:34 | Edad | Edad de los Castillos |
| 26:37 | Investigar | Light Cavalry (upgrade) |
| 26:37 | Investigar | Light Cavalry (upgrade) |
| 26:38 | Investigar | Chain Barding Armor |
| 27:00 | Crear | Knight ×5 |
| 27:02 | Crear | Villager (Male) |
| 27:02 | Crear | Villager (Male) |
| 27:08 | Construir | Town Center |
| 27:22 | Investigar | Husbandry |
| 27:22 | Crear | Villager (Male) |
| 27:35 | Crear | Villager (Male) |
| 27:50 | Construir | Farm |
| 27:50 | Construir | Farm |
| 27:50 | Construir | Farm |
| 27:51 | Construir | Farm |
| 27:51 | Construir | Farm |
| 27:58 | Crear | Knight ×2 |
| 28:05 | Crear | Villager (Male) |
| 28:05 | Crear | Villager (Male) |
| 28:25 | Crear | Knight |
| 28:46 | Crear | Knight ×3 |
| 28:53 | Construir | Farm |
| 28:53 | Construir | Farm |
| 28:53 | Construir | Farm |
| 28:54 | Construir | Farm |
| 28:54 | Construir | Farm |
| 28:54 | Construir | Farm |
| 29:08 | Crear | Knight |
| 29:11 | Crear | Villager (Male) |
| 29:13 | Crear | Villager (Male) |
| 29:32 | Crear | Villager (Male) |
| 29:48 | Crear | Knight |
| 29:51 | Crear | Villager (Male) ×2 |
| 29:52 | Crear | Villager (Male) ×2 |
| 30:04 | Crear | Knight |
| 30:04 | Crear | Knight |
| 30:21 | Crear | Villager (Male) ×3 |
| 30:26 | Construir | House |
| 30:27 | Construir | House |
Build order — Ds3.Herno
Primeras 150 de 318 acciones detectadas
| 0:00 | Crear | Villager (Male) |
| 0:01 | Crear | Villager (Male) |
| 0:01 | Crear | Villager (Male) |
| 0:01 | Crear | Villager (Male) |
| 0:02 | Construir | House |
| 0:05 | Construir | House |
| 1:02 | Crear | Villager (Male) |
| 1:27 | Crear | Villager (Male) |
| 2:03 | Crear | Villager (Male) |
| 2:55 | Crear | Villager (Male) |
| 3:06 | Crear | Villager (Male) |
| 3:19 | Crear | Villager (Male) |
| 3:56 | Construir | House |
| 4:04 | Crear | Villager (Male) |
| 4:27 | Construir | Lumber Camp |
| 4:31 | Crear | Villager (Male) |
| 5:00 | Crear | Villager (Male) |
| 5:16 | Crear | Villager (Male) |
| 5:47 | Crear | Villager (Male) |
| 5:56 | Construir | Mill |
| 6:13 | Crear | Villager (Male) |
| 6:45 | Investigar | Feudal Age |
| 6:46 | Investigar | Loom |
| 8:11 | Construir | Barracks |
| 8:55 | Edad | Edad Feudal |
| 9:08 | Construir | Stable |
| 9:21 | Crear | Villager (Male) |
| 9:28 | Construir | House |
| 9:32 | Investigar | Double-Bit Axe |
| 9:33 | Investigar | Horse Collar |
| 9:48 | Crear | Villager (Male) |
| 10:04 | Crear | Scout Cavalry |
| 10:10 | Crear | Scout Cavalry |
| 10:12 | Construir | House |
| 10:17 | Construir | Farm |
| 10:18 | Construir | Farm |
| 10:18 | Construir | Farm |
| 10:18 | Construir | Farm |
| 10:18 | Construir | Farm |
| 10:34 | Construir | House |
| 10:37 | Crear | Villager (Male) |
| 10:41 | Construir | Farm |
| 10:46 | Construir | Palisade Wall |
| 10:50 | Crear | Scout Cavalry |
| 11:05 | Crear | Scout Cavalry |
| 11:05 | Crear | Villager (Male) |
| 11:08 | Crear | Spearman |
| 11:11 | Construir | House |
| 11:31 | Crear | Scout Cavalry |
| 11:36 | Construir | House |
| 11:39 | Construir | Farm |
| 12:09 | Crear | Scout Cavalry |
| 12:12 | Crear | Villager (Male) |
| 12:14 | Construir | Farm |
| 12:18 | Construir | Farm |
| 12:38 | Crear | Villager (Male) |
| 12:42 | Construir | Farm |
| 13:12 | Crear | Villager (Male) |
| 13:14 | Construir | Farm |
| 13:15 | Construir | Farm |
| 13:31 | Crear | Scout Cavalry |
| 13:44 | Crear | Scout Cavalry |
| 13:48 | Crear | Villager (Male) |
| 13:53 | Construir | Farm |
| 13:54 | Construir | Farm |
| 13:56 | Construir | Mining Camp |
| 14:25 | Crear | Scout Cavalry |
| 14:40 | Crear | Scout Cavalry |
| 14:52 | Crear | Villager (Male) |
| 14:55 | Construir | Blacksmith |
| 15:17 | Crear | Scout Cavalry |
| 15:18 | Crear | Villager (Male) |
| 15:32 | Crear | Villager (Male) |
| 15:36 | Construir | House |
| 15:46 | Investigar | Forging |
| 15:50 | Construir | House |
| 15:58 | Crear | Villager (Male) |
| 16:06 | Construir | Market |
| 16:22 | Crear | Scout Cavalry |
| 16:24 | Crear | Villager (Male) |
| 16:41 | Crear | Scout Cavalry |
| 17:05 | Crear | Villager (Male) |
| 17:11 | Construir | House |
| 17:12 | Construir | Palisade Wall |
| 17:41 | Crear | Villager (Male) |
| 17:46 | Construir | Farm |
| 17:47 | Construir | Farm |
| 17:48 | Construir | Farm |
| 18:27 | Crear | Villager (Male) |
| 18:43 | Construir | Palisade Wall |
| 18:46 | Investigar | Castle Age |
| 19:36 | Investigar | Bloodlines |
| 19:38 | Construir | Stable |
| 20:09 | Crear | Villager (Male) |
| 20:16 | Construir | Farm |
| 20:17 | Construir | Farm |
| 21:02 | Construir | House |
| 21:15 | Investigar | Scale Barding Armor |
| 21:26 | Edad | Edad de los Castillos |
| 21:30 | Investigar | Light Cavalry (upgrade) |
| 21:44 | Investigar | Iron Casting |
| 21:47 | Crear | Camel Scout |
| 22:00 | Construir | Town Center |
| 22:07 | Crear | Camel Scout |
| 22:12 | Crear | Camel Scout |
| 22:17 | Crear | Villager (Male) |
| 22:18 | Crear | Villager (Male) |
| 22:27 | Crear | Camel Scout |
| 22:27 | Crear | Camel Scout |
| 22:51 | Construir | Farm |
| 23:07 | Crear | Camel Scout |
| 23:08 | Crear | Camel Scout |
| 23:28 | Construir | House |
| 23:31 | Construir | House |
| 23:33 | Construir | House |
| 23:35 | Construir | House |
| 24:04 | Crear | Camel Scout |
| 24:04 | Crear | Camel Scout |
| 24:13 | Crear | Camel Scout |
| 24:13 | Crear | Camel Scout |
| 24:32 | Crear | Camel Scout |
| 25:00 | Construir | Palisade Wall |
| 25:01 | Construir | Palisade Wall |
| 25:01 | Construir | Palisade Wall |
| 25:13 | Crear | Villager (Male) |
| 25:13 | Crear | Villager (Male) |
| 25:13 | Crear | Villager (Male) |
| 25:22 | Crear | Villager (Male) |
| 25:22 | Crear | Villager (Male) |
| 25:30 | Construir | Mining Camp |
| 25:31 | Crear | Villager (Male) |
| 25:31 | Crear | Villager (Male) |
| 25:35 | Construir | Farm |
| 25:56 | Crear | Villager (Male) |
| 26:07 | Crear | Camel Scout |
| 26:07 | Crear | Camel Scout |
| 26:19 | Crear | Villager (Male) |
| 26:24 | Construir | Farm |
| 26:25 | Construir | Farm |
| 26:25 | Construir | Farm |
| 26:25 | Construir | Farm |
| 26:30 | Crear | Villager (Male) |
| 26:34 | Construir | Farm |
| 26:35 | Construir | Farm |
| 26:59 | Crear | Camel Scout |
| 27:00 | Crear | Camel Scout |
| 27:00 | Crear | Camel Scout |
| 27:06 | Construir | Farm |
| 27:12 | Construir | Farm |
| 27:13 | Construir | Farm |
Cronología de la partida
| 6:27 | Ds3.lauritopp · first_building Barracks |
| 7:37 | Ds3.FranCamet · first_building Barracks |
| 7:39 | Joni · wall_segment Palisade Wall x1 |
| 7:41 | Joni · first_building Barracks |
| 7:51 | Joni · wall_segment Palisade Wall x5 |
| 7:55 | Joni · wall_segment Palisade Wall x1 |
| 7:59 | Ds3.SoLid · first_building Barracks |
| 8:04 | Ds3.TheRazor · first_building Barracks |
| 8:11 | Ds3.Herno · first_building Barracks |
| 8:28 | Joni · wall_segment Palisade Wall x1 |
| 8:29 | Joni · age_up feudal |
| 8:29 | Joni · wall_segment Palisade Wall x1 |
| 8:30 | Joni · wall_segment Palisade Wall x1 |
| 8:51 | Ds3.FranCamet · age_up feudal |
| 8:54 | Joni · first_building Archery Range |
| 8:55 | Ds3.SoLid · age_up feudal |
| 8:55 | Ds3.Herno · age_up feudal |
| 8:58 | Ds3.FranCamet · first_building Stable |
| 8:58 | Ds3.SoLid · wall_segment Palisade Wall x1 |
| 8:58 | Ds3.TheRazor · age_up feudal |
| 9:03 | Dylan · first_building Barracks |
| 9:06 | Ds3.SoLid · first_building Archery Range |
| 9:07 | Ds3.Marco Van Basten · first_building Barracks |
| 9:07 | Ds3.TheRazor · first_building Stable |
| 9:08 | Ds3.Herno · first_building Stable |
| 9:30 | Dylan · wall_segment Palisade Wall x1 |
| 9:31 | Ds3.Marco Van Basten · age_up feudal |
| 9:35 | Dylan · wall_segment Palisade Wall x1 |
| 9:37 | Dylan · wall_segment Palisade Wall x1 |
| 9:40 | Dylan · wall_segment Palisade Wall x1 |
| 9:44 | Dylan · age_up feudal |
| 9:46 | Dylan · wall_segment Palisade Wall x1 |
| 9:48 | Dylan · wall_segment Palisade Wall x1 |
| 9:57 | Dylan · first_building Archery Range |
| 10:05 | Ds3.Marco Van Basten · first_building Stable |
| 10:06 | Ds3.lauritopp · age_up feudal |
| 10:12 | Dylan · wall_segment Palisade Wall x1 |
| 10:13 | Dylan · wall_segment Palisade Wall x1 |
| 10:38 | Ds3.lauritopp · wall_segment Palisade Wall x6 |
| 10:46 | Ds3.Herno · wall_segment Palisade Wall x1 |
| 11:34 | Joni · wall_segment Palisade Wall x1 |
| 12:02 | Dylan · wall_segment Palisade Wall x1 |
| 12:16 | Ds3.Marco Van Basten · wall_segment Palisade Wall x14 |
| 12:27 | Dylan · wall_segment Palisade Wall x1 |
| 12:28 | Dylan · wall_segment Palisade Wall x1 |
| 12:45 | Ds3.SoLid · wall_segment Palisade Wall x11 |
| 12:50 | Joni · wall_segment Palisade Wall x12 |
| 13:18 | Ds3.SoLid · wall_segment Palisade Wall x8 |
| 13:34 | Ds3.Marco Van Basten · wall_segment Palisade Wall x1 |
| 13:46 | Ds3.Marco Van Basten · wall_segment Palisade Wall x5 |
| 14:02 | Ds3.lauritopp · wall_segment Palisade Wall x1 |
| 15:36 | Ds3.lauritopp · first_building Archery Range |
| 15:53 | Ds3.lauritopp · wall_segment Palisade Wall x1 |
| 15:54 | Ds3.lauritopp · wall_segment Palisade Wall x3 |
| 15:59 | Ds3.lauritopp · wall_segment Palisade Wall x4 |
| 16:20 | Ds3.lauritopp · wall_segment Palisade Wall x1 |
| 17:12 | Ds3.Herno · wall_segment Palisade Wall x3 |
| 17:17 | Ds3.Herno · first_market_buy 100 food |
| 17:18 | Ds3.Herno · first_market_sell 100 wood |
| 18:43 | Ds3.Herno · wall_segment Palisade Wall x1 |
| 20:08 | Ds3.FranCamet · first_market_buy 100 food |
| 20:09 | Ds3.TheRazor · first_building Donjon |
| 20:11 | Ds3.FranCamet · first_market_sell 100 stone |
| 20:23 | Ds3.SoLid · first_market_buy 100 food |
| 20:34 | Ds3.SoLid · first_market_sell 100 stone |
| 20:59 | Dylan · wall_segment Palisade Wall x4 |
| 21:11 | Ds3.lauritopp · first_market_buy 100 wood |
| 21:21 | Ds3.lauritopp · wall_segment Palisade Wall x1 |
| 21:24 | Ds3.SoLid · wall_segment Palisade Wall x8 |
| 21:24 | Ds3.lauritopp · wall_segment Palisade Wall x7 |
| 21:26 | Dylan · wall_segment Palisade Wall x5 |
| 21:26 | Ds3.Herno · age_up castle |
| 21:49 | Dylan · wall_segment Palisade Wall x2 |
| 22:04 | Dylan · wall_segment Palisade Wall x5 |
| 22:24 | Dylan · wall_segment Palisade Wall x9 |
| 22:40 | Ds3.lauritopp · wall_segment Palisade Wall x1 |
| 22:47 | Ds3.lauritopp · wall_segment Palisade Wall x1 |
| 22:53 | Ds3.SoLid · wall_segment Palisade Wall x11 |
| 22:55 | Ds3.lauritopp · wall_segment Palisade Wall x1 |
| 23:08 | Ds3.FranCamet · age_up castle |
| 23:14 | Ds3.lauritopp · first_market_sell 100 food |
| 23:24 | Dylan · wall_segment Palisade Wall x5 |
| 23:27 | Dylan · wall_segment Palisade Wall x6 |
| 23:33 | Ds3.lauritopp · age_up castle |
| 23:48 | Ds3.SoLid · age_up castle |
| 24:21 | Joni · first_market_buy 100 food |
| 24:47 | Dylan · wall_segment Palisade Wall x8 |
| 24:50 | Joni · first_market_sell 100 food |
| 24:53 | Joni · wall_segment Stone Wall x5 |
| 24:55 | Joni · wall_segment Stone Wall x3 |
| 24:57 | Joni · wall_segment Stone Wall x1 |
| 25:00 | Ds3.Herno · wall_segment Palisade Wall x2 |
| 25:01 | Ds3.Herno · wall_segment Palisade Wall x1 |
| 25:01 | Ds3.Herno · wall_segment Palisade Wall x1 |
| 25:36 | Joni · wall_segment Stone Wall x7 |
| 25:42 | Joni · wall_segment Stone Wall x1 |
| 25:46 | Joni · wall_segment Stone Wall x1 |
| 26:00 | Joni · wall_segment Stone Wall x1 |
| 26:04 | Joni · wall_segment Stone Wall x1 |
| 26:34 | Ds3.TheRazor · age_up castle |
| 26:35 | Dylan · first_building Stable |
| 26:45 | Dylan · wall_segment Palisade Wall x1 |
| 27:05 | Joni · age_up castle |
| 27:20 | Ds3.Marco Van Basten · age_up castle |
| 27:58 | Dylan · age_up castle |
| 28:04 | Ds3.Herno · wall_segment Palisade Wall x6 |
| 30:00 | Ds3.SoLid · wall_segment Palisade Wall x1 |
| 31:14 | Ds3.Marco Van Basten · first_market_sell 100 wood |
| 31:15 | Ds3.Marco Van Basten · first_market_buy 100 stone |
| 33:21 | Ds3.lauritopp · first_building Stable |
| 33:25 | Ds3.FranCamet · first_building Monastery |
| 35:56 | Ds3.SoLid · wall_segment Palisade Wall x1 |
| 35:57 | Ds3.SoLid · wall_segment Palisade Wall x1 |
| 36:10 | Ds3.lauritopp · first_building Monastery |
| 36:17 | Ds3.SoLid · first_building Monastery |
| 36:50 | Ds3.SoLid · first_building Castle |
| 37:20 | Ds3.SoLid · wall_segment Stone Wall x7 |
| 37:27 | Ds3.FranCamet · age_up imperial |
| 37:27 | Ds3.SoLid · wall_segment Stone Wall x3 |
| 37:36 | Dylan · first_market_buy 100 wood |
| 37:44 | Joni · wall_segment Stone Wall x7 |
| 37:46 | Dylan · first_market_sell 100 stone |
| 38:23 | Ds3.SoLid · first_building Siege Workshop |
| 39:03 | Joni · wall_segment Stone Wall x5 |
| 39:38 | Dylan · first_building Monastery |
| 39:53 | Ds3.SoLid · age_up imperial |
| 40:46 | Ds3.TheRazor · first_building Monastery |
| 40:49 | Joni · first_building Siege Workshop |
| 42:10 | Ds3.Marco Van Basten · first_building Monastery |
| 42:20 | Ds3.FranCamet · first_building Castle |
| 42:35 | Ds3.Marco Van Basten · first_building Castle |
| 44:13 | Joni · resign |
| 44:32 | Dylan · age_up imperial |
| 44:56 | Ds3.TheRazor · age_up imperial |
| 45:45 | Ds3.lauritopp · first_building Castle |
| 46:31 | Ds3.lauritopp · age_up imperial |
| 48:21 | Ds3.SoLid · first_building Stable |
[ ANÁLISIS IA · 1 CRÉDITO ]
¿Qué pasó realmente en esta partida?
Wolo.gg analiza cada decisión: build order, eco, micro, errores típicos por bracket. Análisis personalizado por WhatsApp o Discord en 30 segundos.
Guía civ
Borgoñones
Perfil
Jugador #78611